 Dungeon Crawl Stone Soup version 0.25-b1-37-g2669288c55 (webtiles) character file.

Game seed: 15126737315168068727

40 Descartes the Charmwright (level 3, -2/16 HPs)
             Began as a Felid Skald on June 5, 2020.
             Slain by a hound (4 damage)
             ... on level 2 of the Dungeon.
             The game lasted 00:03:33 (2218 turns).

Descartes the Charmwright (Felid Skald)             Turns: 2218, Time: 00:03:34

Health: -2/16      AC:  1    Str:  8    XL:     3   Next: 30%
Magic:  8/8        EV: 18    Int: 14    God:
Gold:   79         SH:  0    Dex: 15    Spells: 6/7 levels left
                                        Lives:  0   Deaths: 1

rFire    . . .     SeeInvis +     - Unarmed
rCold    . . .     Gourm    .   (shield unavailable)
rNeg     . . .     Faith    .   (armour unavailable)
rPois    .         Spirit   .   (helmet unavailable)
rElec    .         Reflect  .   (cloak unavailable)
rCorr    .         Harm     .   (gloves unavailable)
MR       .....                  (boots unavailable)
Stlth    +++.......             (no amulet)
HPRegen  0.05/turn              (no ring)
MPRegen  0.11/turn              (no ring)

@: quick
A: very small, no armour, no weapons or thrown items, stealth, claws 1, fangs 3,
see invisible, carnivore, speed 1, shaggy fur 1, slow metabolism 1, sharp paws
a: no special abilities


You were on level 2 of the Dungeon.
You were completely stuffed.

You visited 1 branch of the dungeon, and saw 2 of its levels.

You collected 79 gold pieces.

Inventory:

Missiles
 l - 31 stones
 p - 19 arrows
Jewellery
 g - an uncursed ring of protection from fire {unknown}
 k - an uncursed amulet of guardian spirit {unknown}
Scrolls
 a - a scroll of remove curse {unknown}
 e - 2 scrolls of enchant armour {unknown}
 i - a scroll of immolation {unknown}
 m - a scroll of enchant weapon {unknown}
 o - a scroll of identify {unknown}
 q - a scroll of amnesia {unknown}
Potions
 c - 2 potions of berserk rage {unknown}
 d - a potion of mutation {unknown}
 f - a potion of lignification {unknown}
 h - 2 potions of curing {unknown}
 j - a potion of ambrosia {unknown}
 n - a potion of stabbing {unknown}
Comestibles
 b - 3 rations


   Skills:
 + Level 2.3 Fighting
 + Level 3.5 Dodging
 * Level 2.9 Stealth
 + Level 2.4 Unarmed Combat
 * Level 2.7 Spellcasting
 + Level 4.0 Charms


You had 6 spell levels left.
You knew the following spells:

 Your Spells              Type           Power        Failure   Level  Hunger
a - Infusion              Chrm           ##..         4%          1    #......

Your spell library contained the following spells:

 Spells                   Type           Power        Failure   Level  Hunger
 Song of Slaying          Chrm           ##......     6%          2    ###....
 Shroud of Golubria       Chrm/Tloc      #.....       14%         2    ###....
 Ozocubu's Armour         Chrm/Ice       #.......     28%         3    ###....
 Spectral Weapon          Hex/Chrm       Unusable     N/A         3    N/A

Dungeon Overview and Level Annotations

Branches:
Dungeon (2/15)

Altars:
The Shining One


Innate Abilities, Weirdness & Mutations

You cannot wear armour.
You are incapable of wielding weapons or throwing items.
Your paws allow you to move quietly. (Stealth)
You have sharp claws.
You have razor-sharp teeth.
You have supernaturally acute eyesight. (SInv)
You are carnivorous and can eat meat at any time.
You cover ground quickly.
You are covered in fur. (AC +1)
You have a slow metabolism.
Your sharp claws are effective at attacking unaware monsters.


Message History

You scratch the hound but do no damage. The hound bites you.
The hound completely misses you.
You barely miss the hound. The hound completely misses you.
You closely miss the hound. The hound bites you.
The hound completely misses you.
You scratch the hound. Your bite misses the hound.
The hound is moderately wounded.
The hound completely misses you.
You closely miss the hound.
The hound is moderately wounded.
The hound bites you. The hound misses you.
You barely miss the hound. You bite the hound, but do no damage.
The hound is moderately wounded.
The hound misses you.
You scratch the hound. Your bite misses the hound.
The hound is severely wounded.
The hound bites you.
* * * LOW HITPOINT WARNING * * *
The hound bites you.
You die...

.### .... ..#.# .#
###.# .# ..# #.# ###
..# #.####### #.
#..##.###........
##.####..##......######
##...#.... #..##.##
.........# #. #(#
#........# # ##@#
#..###.S##h#
#......$.$.# #
#..####...## #.
#......[..
#.#####.#######.
#..><.<.##### #.
............# #.
...............


You could see a hound.

Vanquished Creatures
  4 adders (D:2)
  2 oozes (D:1)
  A dart slug (D:2)
  A leopard gecko (D:2)
  A ball python (D:1)
  A giant cockroach (D:1)
  3 goblins (D:1)
  3 hobgoblins
  6 jackals
  A quokka (D:2)
  5 bats (D:1)
  2 frilled lizards
  5 kobolds
  4 rats (D:1)
39 creatures vanquished.

Notes
Turn   | Place    | Note
-------+----------+-------------------------------------------
     0 | D:1      | Descartes the Felid Skald began the quest for the Orb.
     0 | D:1      | Reached XP level 1. HP: 9/9 MP: 4/4
    93 | D:1      | Reached skill level 1 in Stealth
   196 | D:1      | Reached XP level 2. HP: 7/13 MP: 6/6
  1073 | D:1      | Reached XP level 3. HP: 16/16 MP: 7/7
  1170 | D:1      | Found a glowing golden altar of the Shining One.
  1980 | D:2      | Reached XP level 4. HP: 14/20 MP: 0/8
  2094 | D:2      | Reached skill level 4 in Charms
  2095 | D:2      | HP: 1/20 [poisoned by an adder]
  2096 | D:2      | Succumbed to an adder's poison
  2097 | D:2      | Reached XP level 3. HP: 0/16 MP: 3/8
  2218 | D:2      | Slain by a hound

Illustrated notes

Levels and vault maps discovered:
D:1:      sevenhm_arrival_forest_fort_large_4, layout_loops_ring, tso_altar
D:2:      layout_loops_ring, first_ration, minmay_pentomino_p4

Skill      XL: |  1  2  3  4 |
---------------+-------------+-----
Stealth        | 1 2 |  2.9
Charms         | 4 |  4.0
Fighting       | |  2.3
Dodging        | |  3.5
Unarmed Combat | |  2.4
Spellcasting   | |  2.7

Action                   |  1- 3 |  4- 6 || total
-------------------------+-------+-------++-------
Melee: Unarmed           |   155 |     9 ||   164
       Bite              |    12 |     2 ||    14
       Punch             |     1 |       ||     1
 Cast: Infusion          |     3 |     2 ||     5
 Stab: Sleeping          |     9 |       ||     9
       Distracted        |     1 |       ||     1
  Eat: Chunk             |    12 |       ||    12
Armor: Skin              |    12 |       ||    12
Dodge: Dodged            |   115 |     7 ||   122
